AoeStats
← [OS] OVERSIDE !

Arabia

503145692Analyzed
2v2 RM · 1mo ago on Aug 30, 2026· 29m 40s· 4 players
Game mode
Random Map
Map size
Medium (4 player)
Population
200
Speed
Normal
Resources
Standard
Victory
Conquest
Starting age
Dark Age
Ending age
Imperial Age
RankedLock teamsTeams togetherTeam positionsShared explorationLock speedFull tech treeHidden civsTurbo modeCheats
Victory
Defeat
🇩🇪 Magyars · Germany
955
+17
🇩🇪 Vikings · Germany
948
+17
🇵🇪 Mongols · Peru
1000
-56
🇪🇸 Bulgarians · Spain
957
-47
Jumala
7:40 Loom
10:12 Feudal Age
10:32 Man-at-Arms
11:29 Town Watch
12:39 Double-Bit Axe
15:54 Forging
17:13 Fletching
21:56 Castle Age
20:49 Padded Archer Armor
20:49 Horse Collar
22:40 Gold Mining
22:32 Crossbowman
23:18 Bodkin Arrow
24:55 Pikeman
28:22 Ballistics
29:33 Bow Saw
29:29 Town Patrol
lucky
6:28 Loom
9:33 Feudal Age
10:07 Double-Bit Axe
10:04 Horse Collar
21:15 Castle Age
20:21 Scale Barding Armor
20:07 Fletching
20:17 Padded Archer Armor
22:44 Husbandry
22:21 Light Cavalry
23:42 Town Watch
25:10 Bloodlines
25:37 Bodkin Arrow
28:03 Wheelbarrow
27:44 Bow Saw
30:35 Hand Cart
Chernan
10:48 Feudal Age
16:19 Wheelbarrow
16:45 Loom
16:47 Horse Collar
20:57 Arson
22:48 Double-Bit Axe
[OS] OVERSIDE !
13:25 Feudal Age
15:03 Double-Bit Axe
23:29 Horse Collar
24:26 Wheelbarrow
27:46 Bloodlines
Connection lost

Rejoining the realm…

Still unreachable

The connection could not be restored.

Session expired

The server has moved on; the page needs a fresh start.